 Dungeon Crawl Stone Soup version 0.23.2-40-g277498a001 (webtiles) character file.

Game seed: 11436195351962453460

29 Descartes the Insei (level 3, -2/18 HPs)
             Began as a Vine Stalker Transmuter on Oct 3, 2019.
             Slain by a phantom (3 damage)
             ... on level 2 of the Dungeon.
             The game lasted 00:03:27 (1612 turns).

Descartes the Insei (Vine Stalker Transmuter)       Turns: 1612, Time: 00:03:28

Health: -2/18      AC:  5    Str: 13    XL:     3   Next: 16%
Magic:  0/7        EV: 11    Int: 13    God:
Gold:   33         SH:  0    Dex: 12    Spells: 5/6 levels left

rFire    + . .     SeeInvis .     - Unarmed
rCold    . . .     Gourm    .   (no shield)
rNeg     . . .     Faith    .   n - +0 ring mail
rPois    .         Spirit   +   (no helmet)
rElec    .         Reflect  .   (no cloak)
rCorr    .         Harm     .   (no gloves)
MR       .....                  (no boots)
Stlth    +.........             (no amulet)
HPRegen  0.06/turn              (no ring)
MPRegen  0.10/turn              (no ring)

@: no status effects
A: fangs 2, blurry vision 1, clumsy 1, fire resistance 1, magic shield,
antimagic bite, no potion heal 3, rot immunity
a: no special abilities


You were on level 2 of the Dungeon.
You were not hungry.

You visited 1 branch of the dungeon, and saw 2 of its levels.

You collected 33 gold pieces.

Inventory:

Missiles
 a - 12 arrows
 i - 54 stones (quivered)
 j - 13 poisoned needles
 k - 3 javelins
Armour
 b - a +0 robe
 g - a +0 leather armour
 n - a +0 ring mail (worn)
Scrolls
 c - a scroll of remove curse {unknown}
 e - a scroll of fog {unknown}
 f - 2 scrolls of identify
 l - a scroll of blinking {unknown}
 m - a scroll of random uselessness {unknown}
Potions
 h - a potion of curing
Comestibles
 d - a ration
 o - 5 chunks of flesh


   Skills:
 + Level 1.1 Fighting
 + Level 0.3 Armour
 + Level 1.7 Dodging
 + Level 1.0 Stealth
 * Level 3.4 Unarmed Combat
 + Level 2.3 Spellcasting
 * Level 2.3 Transmutations


You had 5 spell levels left.
You knew the following spells:

 Your Spells              Type           Power        Failure   Level  Hunger
a - Beastly Appendage     Tmut           #.....       21%         1    #......

Your spell library contained the following spells:

 Spells                   Type           Power        Failure   Level  Hunger
 Sticks to Snakes         Tmut           #.......     30%         2    ###....
 Spider Form              Tmut/Pois      #.........   67%         3    ###....
 Ice Form                 Ice/Tmut       #.......     97%         4    #####..
 Blade Hands              Tmut           #.........   99%         5    ######.


Dungeon Overview and Level Annotations

Branches:
Dungeon (2/15)

Altars:


Innate Abilities, Weirdness & Mutations

You have extremely sharp teeth.
When hurt, damage is shared between your health and your magic reserves.
Your bite disrupts and absorbs the magic of your enemies.
Potions cannot restore your health.
You are immune to rotting.
Scrolls take you a little longer to read.
You are clumsy. (Dex -2)
Your flesh is heat resistant. (rF+)


Message History

You barely miss the phantom.
The phantom is heavily damaged.
You hit the phantom but do no damage. Your bite misses the phantom.
The phantom is heavily damaged.
The phantom hits you.
* * * LOW HITPOINT WARNING * * *
The phantom blinks!
You see here a hobgoblin skeleton.
You see here a hobgoblin skeleton.
You see here a dagger.
You hit the phantom. Your bite misses the phantom.
The phantom is heavily damaged.
The phantom hits you but does no damage.
You hit the phantom but do no damage.
The phantom is heavily damaged.
The phantom barely misses you.
You hit the phantom.
The phantom is heavily damaged.
The phantom hits you.
You die...

###.#..W...# #........
#..........######........
.#.#......#.............
#..#####'#...........
#..'.....#...........
####.###.#........... #÷#
#.#)..........
#W###.#...........
#@....'.##........
#########'################
................÷.......
#####...###############
#.#.# ####.### #....#
#.#### #####.###


You could see a phantom.

Vanquished Creatures
  An ooze (D:2)
  A leopard gecko (D:1)
  4 bats
  4 hobgoblins
  4 jackals (D:1)
  2 frilled lizards (D:1)
  A giant cockroach zombie (D:2)
  4 goblins
21 creatures vanquished.

Notes
Turn   | Place    | Note
-------+----------+-------------------------------------------
     0 | D:1      | Descartes the Vine Stalker Transmuter began the quest for
                  | the Orb.
     0 | D:1      | Reached XP level 1. HP: 9/9 MP: 4/4
   774 | D:1      | Reached skill level 1 in Fighting
   784 | D:1      | Reached XP level 2. HP: 14/14 MP: 6/6
  1280 | D:1      | Gained mutation: You are occasionally teleported next to
                  | monsters. [potion of mutation]
  1280 | D:1      | Gained mutation: Your muscles are strong. (Str +2) [potion
                  | of mutation]
  1280 | D:1      | Gained mutation: Your mind is acute. (Int +2) [potion of
                  | mutation]
  1280 | D:1      | Gained mutation: Your flesh is heat resistant. (rF+)
                  | [potion of mutation]
  1281 | D:1      | Lost mutation: You are occasionally teleported next to
                  | monsters. [potion of mutation]
  1281 | D:1      | Lost mutation: Your flesh is heat resistant. (rF+) [potion
                  | of mutation]
  1281 | D:1      | Lost mutation: Your muscles are strong. (Str +2) [potion of
                  | mutation]
  1281 | D:1      | Lost mutation: Your mind is acute. (Int +2) [potion of
                  | mutation]
  1281 | D:1      | Gained mutation: Scrolls take you a little longer to read.
                  | [potion of mutation]
  1281 | D:1      | Gained mutation: Your flesh is heat resistant. (rF+)
                  | [potion of mutation]
  1281 | D:1      | Gained mutation: You are clumsy. (Dex -2) [potion of
                  | mutation]
  1415 | D:2      | Reached skill level 1 in Stealth
  1418 | D:2      | Reached XP level 3. HP: 8/18 MP: 3/7
  1571 | D:2      | Noticed a phantom
  1612 | D:2      | Slain by a phantom

Skill      XL: |  1  2 |
---------------+-------+-----
Fighting       | 1 |  1.1
Stealth        | 1 |  1.0
Armour         | |  0.3
Dodging        | |  1.7
Unarmed Combat | |  3.4
Spellcasting   | |  2.3
Transmutations | |  2.3

Action                   || total
-------------------------++-------
Melee: Unarmed           ||    79
       Bite              ||    17
       Punch             ||     1
  Use: Scroll            ||     2
       Potion            ||     2
  Eat: Chunk             ||     2
Armor: Leather armour    ||    19
       Ring mail         ||     3
Dodge: Dodged            ||    49
